 Dungeon Crawl Stone Soup version 0.23.0-28-g6fe0f4d (webtiles) character file.

Game seed: 3564037573821168309

275017 Hasart the Summoner (level 18, -3/133 HPs)
             Began as a Demigod Ice Elementalist on Feb 25, 2019.
             Slain by a jiangshi (8 damage)
             ... led by a vampire mage
             ... on level 15 of the Dungeon.
             The game lasted 04:19:32 (68018 turns).

Hasart the Summoner (Demigod Ice Elementalist)     Turns: 68018, Time: 04:19:32

Health: -3/133     AC: 17    Str: 14    XL:     18   Next: 82%
Magic:  3/40       EV: 16    Int: 38    God:
Gold:   2097       SH: 19    Dex: 16    Spells: 6/43 levels left

rFire    + . .     SeeInvis +   N - +9 staff of Olgreb {rPois}
rCold    . . .     Gourm    .   I - +2 shield {AC+3}
rNeg     . . .     Faith    .   Q - +1 troll leather armour {Snorg}
rPois    ∞         Spirit   .   v - +2 helmet
rElec    .         Reflect  +   (no cloak)
rCorr    .         Harm     .   A - +0 pair of gloves {archery}
MR       +....                  h - +1 pair of boots of Qisost {Str+3}
Stlth    ++........             s - +5 amulet of reflection
HPRegen  0.72/turn              d - ring "Mieh" {Wiz Slay+3 SInv}
MPRegen  0.27/turn              b - ring of Reothras {+Inv +Fly Int+7}

@: about to teleport
A: iridescent scales 1, fire resistance 1, high mp 1
}: 2/15 runes: barnacled, gossamer
a: Evoke Invisibility, Evoke Flight


You were on level 15 of the Dungeon.
You were very hungry.

You visited 8 branches of the dungeon, and saw 36 of its levels.
You also visited: Gauntlet, Ice Cave and Volcano.

You collected 4381 gold pieces.
You spent 2284 gold pieces at shops.

Inventory:

Hand Weapons
 i - the +8 whip "Snakebite" {curare, rPois}
   (You found it on level 3 of the Lair of Beasts)

   It poisons the flesh of those it strikes.
   It protects you from poison.
 N - the +9 staff of Olgreb (weapon) {rPois}
   (You found it on level 9 of the Dungeon)

   It protects you from poison.
Armour
 h - the +1 pair of boots of Qisost (worn) {Str+3}
   (You found it on level 3 of the Elven Halls)

   It affects your strength (+3).
 j - the +3 robe of Pagel {rElec rN+ Dex+5}
   (You found it on level 4 of the Shoals)

   It affects your dexterity (+5).
   It insulates you from electricity.
   It protects you from negative energy.
 q - the +1 cloak of the Camelopard {*Slow rC+ MR+ Str+4}
   (You found it on level 3 of the Elven Halls)

   It affects your strength (+4).
   It protects you from cold.
   It affects your resistance to hostile enchantments.
   It may slow you when you take damage.
 v - a +2 helmet (worn)
 y - a +0 leather armour of magic resistance
 A - a +0 pair of gloves of archery (worn)
 D - a +2 robe of resistance
 I - a +2 shield of protection (worn)
 Q - a +1 troll leather armour (worn) {Snorg}
Magical Staves
 z - an uncursed staff of air
 J - an uncursed staff of cold
 S - an uncursed staff of energy
 U - an uncursed staff of wizardry
Jewellery
 b - the ring of Reothras (right hand) {+Inv +Fly Int+7}
   (You found it on level 4 of the Spider Nest)

   [ring of flight]

   It affects your intelligence (+7).
   It lets you turn invisible.
   It lets you fly.
 d - the ring "Mieh" (left hand) {Wiz Slay+3 SInv}
   (You found it in a Gauntlet)

   [ring of wizardry]

   It improves your spell success rate.
   It affects your accuracy and damage with ranged weapons and melee attacks
   (+3).
   It lets you see invisible.
 p - the ring of Xiruot {MR+ Str+2}
   (You found it on level 1 of the Lair of Beasts)

   [ring of protection from magic]

   It affects your strength (+2).
   It affects your resistance to hostile enchantments.
 s - a +5 amulet of reflection (around neck)
 x - an uncursed ring of positive energy
 H - the ring of Nuatho Ziots {MP+9 Str+3}
   (You found it in an ice cave)

   [ring of magical power]

   It affects your strength (+3).
   It affects your magic capacity (+9).
 K - an uncursed amulet of magic regeneration
Wands
 f - a wand of clouds (1)
 r - a wand of iceblast (13)
 O - a wand of digging (14)
 Z - a wand of scattershot (3)
Scrolls
 e - 9 scrolls of magic mapping
 g - 19 scrolls of identify
 l - a scroll of fear
 o - a scroll of teleportation
 u - 7 scrolls of enchant armour
 w - 9 scrolls of enchant weapon
 B - 2 scrolls of fog
 E - a scroll of blinking
 Y - 11 scrolls of remove curse
Potions
 k - 11 potions of curing
 t - 3 potions of flight
 F - a potion of brilliance
 G - 3 potions of resistance (quivered)
 L - 2 potions of cancellation
 M - 3 potions of heal wounds
 P - 3 potions of mutation
 R - a potion of invisibility
 T - 4 potions of magic
 V - 2 potions of ambrosia
Comestibles
 c - 31 rations


   Skills:
 - Level 5.0 Fighting
 - Level 5.0 Armour
 - Level 7.0 Dodging
 - Level 1.7 Stealth
 + Level 11.9 Shields
 + Level 13.1 Spellcasting
 - Level 12.5 Conjurations
 * Level 14.8 Summonings
 - Level 14.5 Ice Magic
 * Level 10.2 Air Magic
 + Level 2.0 Evocations


You had 6 spell levels left.
You knew the following spells:

 Your Spells              Type           Power        Failure   Level  Hunger
a - Throw Icicle          Conj/Ice       #######.     1%          4    None
b - Freeze                Ice            ####         0%          1    None
c - Summon Ice Beast      Ice/Summ       #######.     1%          4    None
d - Mephitic Cloud        Conj/Pois/Air  #######.     1%          3    None
e - Monstrous Menagerie   Summ           #######...   1%          7    ####...
s - Ozocubu's Refrigerat  Ice            #######...   1%          6    ##.....
u - Shadow Creatures      Summ           N/A          1%          6    ##.....
x - Freezing Cloud        Conj/Ice/Air   #######...   1%          6    ##.....

Your spell library contained the following spells:

 Spells                   Type           Power        Failure   Level  Hunger
 Magic Dart               Conj           ####         0%          1    None
 Summon Butterflies       Summ           #######.     0%          1    None
 Summon Small Mammal      Summ           ####         0%          1    None
 Call Imp                 Summ           #######.     0%          2    None
 Throw Frost              Conj/Ice       ######       0%          2    None
 Call Canine Familiar     Summ           #######.     0%          3    None
 Animate Skeleton         Necr           N/A          1%          1    None
 Apportation              Tloc           ####..       1%          1    None
 Beastly Appendage        Tmut           ####..       1%          1    None
 Confusing Touch          Hex            ####..       1%          1    None
 Flame Tongue             Conj/Fire      #####        1%          1    None
 Pain                     Necr           ####         1%          1    None
 Sandblast                Erth           ####..       1%          1    None
 Shock                    Conj/Air       ####         1%          1    None
 Blink                    Tloc           N/A          1%          2    None
 Ensorcelled Hibernation  Hex/Ice        ######       1%          2    None
 Passwall                 Tmut/Erth      ####....     1%          2    None
 Slow                     Hex            ####....     1%          2    None
 Sticks to Snakes         Tmut           ####....     1%          2    None
 Swiftness                Chrm/Air       ######..     1%          2    None
 Throw Flame              Conj/Fire      ######       1%          2    None
 Conjure Flame            Conj/Fire      ######..     1%          3    None
 Dazzling Spray           Conj/Hex       ######       1%          3    None
 Ozocubu's Armour         Chrm/Ice       ######..     1%          3    None
 Static Discharge         Conj/Air       #######.     1%          3    None
 Stone Arrow              Conj/Erth      ######       1%          3    None
 Summon Guardian Golem    Hex/Summ       ######..     1%          3    None
 Airstrike                Air            #######...   1%          4    None
 Ice Form                 Ice/Tmut       ######..     1%          4    None
 Iskenderun's Mystic Bla  Conj           #######.     1%          4    None
 Summon Lightning Spire   Summ/Air       #######.     1%          4    None
 Lightning Bolt           Conj/Air       #######...   1%          5    None
 Metabolic Englaciation   Hex/Ice        ######....   1%          5    None
 Summon Forest            Summ/Tloc      ######....   1%          5    None
 Bolt of Cold             Conj/Ice       #######...   1%          6    ##.....
 Conjure Ball Lightning   Conj/Air       #######...   1%          6    ##.....
 Iskenderun's Battlesphe  Conj/Chrm      ######..     2%          5    None
 Venom Bolt               Conj/Pois      #######...   2%          5    None
 Confuse                  Hex            ####....     3%          3    None
 Gell's Gravitas          Tloc           ####......   3%          3    None
 Ignite Poison            Fire/Tmut/Pois #####...     3%          3    None
 Lesser Beckoning         Tloc           ####......   3%          3    None
 Regeneration             Chrm/Necr      ####......   3%          3    None
 Spider Form              Tmut/Pois      #####.....   3%          3    None
 Tukima's Dance           Hex            ####....     3%          3    None
 Vampiric Draining        Necr           ####......   3%          3    None
 Silence                  Hex/Air        ######....   4%          5    None
 Bolt of Magma            Conj/Fire/Erth ######....   6%          5    None
 Simulacrum               Ice/Necr       ######....   9%          6    ##.....
 Animate Dead             Necr           N/A          11%         4    None
 Petrify                  Tmut/Erth      ####....     11%         4    None
 Iron Shot                Conj/Erth      ######....   13%         6    ##.....
 Deflect Missiles         Chrm/Air       ######....   21%         6    ##.....
 Alistair's Intoxication  Tmut/Pois      #####...     28%         5    None
 Blade Hands              Tmut           ####......   28%         5    None
 Borgnjor's Vile Clutch   Necr/Erth      ####......   28%         5    None
 Lee's Rapid Deconstruct  Erth           ####......   28%         5    None
 Yara's Violent Unravell  Hex/Tmut       ####......   28%         5    None
 Darkness                 Hex            ####......   82%         6    ##.....
 Invisibility             Hex            ####....     82%         6    ##.....
 Statue Form              Tmut/Erth      ####.....    82%         6    ##.....
 Summon Greater Demon     Summ           #######...   1%          7    ####...
 Spellforged Servitor     Conj/Summ      #######...   3%          7    ####...
 Orb of Destruction       Conj           #######...   5%          7    ####...
 Summon Horrible Things   Summ           #######...   16%         8    ######.
 Malign Gateway           Summ/Tloc      ######....   38%         7    ####...
 Tornado                  Air            #######...   100%        9    #######


Dungeon Overview and Level Annotations

Branches:
Dungeon (15/15)            Temple (1/1) D:5            Lair (6/6) D:8
 Shoals (4/4) Lair:2       Spider (4/4) Lair:3        Slime (0/5) Lair:6
    Orc (2/2) D:9             Elf (3/3) Orc:2        Vaults (0/5) D:14
 Depths (1/5) D:15

Shops:
D:4 (   D:10 *   D:12 (   D:13 !   D:15 *   Orc:1 (   Orc:2 ?!(}([   Elf:2 [
Shoals:3 (   Shoals:4 =

Portals:
Pandemonium: Orc:2

Annotations:
D:3 Grinder
D:4 1 runed translucent door, Crazy Yiuf
D:9 1 runed translucent door
D:11 3 runed translucent doors, Lanoc's ghost, journeyman MiGl
D:12 2 transporters
Lair:5 2 transporters, Thalamas's ghost, journeyman MiBe
Elf:2 4 runed translucent doors, dvd's ghost, veteran KoNe
Depths:1 exclusion: orange crystal statue


Innate Abilities, Weirdness & Mutations

You have an increased reservoir of magic. (+10% MP)
You are partially covered in iridescent scales. (AC +2)
Your flesh is heat resistant. (rF+)


Message History

* * * LOW HITPOINT WARNING * * *
The jiangshi draws strength from your injuries!
You block the jiangshi's attack.
You swap places.
The jiangshi claws your ice beast. The jiangshi claws your ice beast!!
The jiangshi claws your ice beast! x2
Your ice beast hits the jiangshi but does no damage.
The jiangshi barely misses your ice beast.
The jiangshi closely misses your ice beast.
The jiangshi claws your ice beast!! The jiangshi claws your ice beast!
Your ice beast dies!
You block the jiangshi's attack. The jiangshi claws you!!
* * * LOW HITPOINT WARNING * * *
The jiangshi draws strength from your injuries!
Okay, then.
As you read the scroll of teleportation, it crumbles to dust.
You feel strangely unstable. The jiangshi claws you.
* * * LOW HITPOINT WARNING * * *
The jiangshi draws strength from your injuries!
The jiangshi claws you!
You die...

#.##.##.#
#.....###....##.####)#
#.......# ##.......<..###.#
#.# #####.###
#.#####.#.####.# #.# #.#
###.#####.#......# #.. #.#
###......##.#.#########.. #.#
#...(.......#.######..... #.#
#.#.#..#.#..#............
#.###.#.#..V....#.(####..###.
#.......##.#@.<....####..##..
#####.####.###.###.##.......#
######.####.###^#
#.##......<#
#...............#
#.).....##..
#.###############
#........... #.# ####.##.....
#V# #.#####.# ####Y####
##.#####.# #≈≈...≈≈#
#.#.......


You could see a jiangshi.

Vanquished Creatures
  A deep elf blademaster (Elf:3)
  A deep elf master archer (Elf:3)
  2 krakens
  Polyphemus (Shoals:4)
  Roxanne (D:14)
  5 emperor scorpions
  5 deep elf sorcerers (Elf:3)
  5 ghost moths
  A frost giant (D:15)
  4 deep elf elementalists (Elf:3)
  Azrael (Spider:1)
  4 deep elf demonologists (Elf:3)
  11 deep elf annihilators
  2 entropy weavers (Spider:3)
  A spark wasp (Spider:4)
  Snorg (D:11)
  6 crystal guardians (Elf:3)
  A merfolk javelineer (Shoals:4)
  8 merfolk impalers
  A jiangshi (Depths:1)
  2 deep elf death magi (Elf:3)
  5 deep elf high priests (Elf:3)
  The ghost of Arum the Cleaver, a journeyman FoFi of Okawaru (D:10)
  2 catoblepae
  5 hydras
  5 merfolk avatars
  2 alligator snapping turtles
  8 two-headed ogres
  An ogre mage (D:15)
  3 centaur warriors
  3 merfolk aquamancers
  15 death yaks
  11 dancing weapons
  A death scarab (Gauntlet)
  Urug (Orc:1)
  A deep troll shaman (Lair:6)
  4 orc high priests (Orc:2)
  11 deep elf knights
  5 skeletal warriors
  10 sea snakes
  A lindwurm (Lair:6)
  2 unseen horrors
  2 torturous demonspawn (Orc:2)
  10 deep elf archers
  A harpy (shapeshifter) (Elf:2)
  53 deep elf magi
  3 orc knights (Orc:2)
  7 ugly things
  3 fauns (Shoals:1)
  11 harpies
  12 orb spiders
  9 orc sorcerers
  3 cyclopes
  7 manticores
  3 elephants (Lair:6)
  11 merfolk sirens
  4 ice statues
  A moth of wrath (Spider:1)
  22 wolf spiders
  6 black mambas
  A rust devil (Orc:2)
  5 gargoyles
  8 water nymphs
  2 torpor snails
  16 spiny frogs
  3 orange demons (Orc:2)
  3 kobold demonologists
  2 rime drakes (D:11)
  10 yaktaurs
  9 komodo dragons
  3 demonic crawlers (Spider:3)
  3 freezing wraiths
  25 jumping spiders
  A red devil (Orc:2)
  5 wind drakes
  A wind drake (shapeshifter) (D:14)
  11 hornets
  A polar bear (Lair:6)
  A harpy skeleton (Volcano)
  29 merfolk
  6 slime creatures
  9 trolls
  9 blink frogs
  Prince Ribbit (D:5)
  13 dream sheep
  A spectral black mamba (Gauntlet)
  10 hippogriffs
  9 snapping turtles
  4 air elementals
  2 flying skulls (Volcano)
  A shadow (D:12)
  24 tarantellas
  A spriggan (D:7)
  46 redbacks
  8 water elementals
  An alligator skeleton (Volcano)
  30 yaks
  A ynoxinul (Orc:2)
  Eustachio (D:6)
  A basilisk (Lair:2)
  A chaos spawn (Orc:2)
  5 hungry ghosts
  3 fire elementals
  2 vampire mosquitoes (D:14)
  A spatial vortex (Elf:1)
  2 wargs
  2 soldier ants
  An acid dragon (D:15)
  18 water moccasins
  16 porcupines
  4 hell hounds (Spider:1)
  4 black bears
  36 orc warriors
  5 sky beasts
  5 ice beasts
  An ogre (shapeshifter) (Gauntlet)
  7 ogres
  3 phantoms
  21 wolves
  17 centaurs
  11 crocodiles
  19 bullfrogs
  5 big kobolds
  A wyvern zombie (D:13)
  A gnoll sergeant (D:8)
  4 earth elementals
  A wyvern skeleton (D:14)
  4 scorpions
  12 killer bees
  3 wights
  3 electric eels
  2 troll skeletons (Volcano)
  2 howler monkeys
  6 crimson imps
  6 jellies
  A quasit (D:10)
  37 orc priests
  2 bullfrog skeletons
  2 hounds
  21 orc wizards
  4 centaur skeletons
  Ijyb (D:5)
  6 hell rats (Lair:6)
  An iguana (D:9)
  Natasha (D:2)
  7 worker ants
  A naga skeleton (Volcano)
  A worker ant zombie (D:10)
  Robin (D:2)
  12 gnolls
  10 adders
  2 shadow imps
  2 oozes
  An adder zombie (D:9)
  2 adder skeletons
  2 worms
  3 dart slugs
  6 leopard geckos
  97 orcs
  6 giant cockroaches
  14 goblins
  9 hobgoblins
  2 jackals (D:3)
  5 quokkas
  A ball python (D:2)
  7 bats
  3 frilled lizards
  20 kobolds
  A quokka skeleton (D:8)
  4 rats
  A bush (Lair:6)
  11 fungi
  71 plants
  4 tentacles
1262 creatures vanquished.

Vanquished Creatures (collateral kills)
  Bai Suzhen (Spider:3)
  Jorgrun (Orc:1)
  A deep elf blademaster (Elf:3)
  Agnes (D:15)
  A ghost moth (Spider:4)
  2 deep elf elementalists (Elf:3)
  An entropy weaver (Spider:4)
  A deep elf demonologist (Elf:3)
  A deep elf annihilator (Elf:3)
  A minotaur (Gauntlet)
  A deep elf death mage (Elf:1)
  A catoblepas (Shoals:4)
  An anaconda (shapeshifter) (D:13)
  A hydra (Lair:5)
  The ghost of ABBCCCDDDD the Destroyer, a journeyman OpEE of Nemelex Xobeh (Orc:1)
  A queen ant (Gauntlet)
  A queen ant (shapeshifter) (Gauntlet)
  A deep elf knight (D:14)
  A skeletal warrior (Volcano)
  A sea snake (Shoals:1)
  3 orc knights
  6 ugly things
  3 wolf spiders
  2 deep elf magi (D:14)
  A salamander (shapeshifter) (Gauntlet)
  An elephant (Lair:6)
  A gargoyle (D:12)
  3 centaur skeletons
  A spiny frog (Lair:5)
  A demonic crawler (Lair:3)
  A kobold demonologist (D:11)
  2 yaktaurs
  2 trolls
  A wind drake (Shoals:4)
  A jumping spider (Spider:4)
  2 slime creatures (D:14)
  A redback (Spider:3)
  A shadow (D:15)
  A tarantella (Spider:2)
  15 yaks
  A wyvern (D:12)
  Grum (D:11)
  A warg (D:9)
  9 vampire mosquitoes
  A hungry ghost (D:11)
  6 soldier ants
  3 water moccasins
  A porcupine (D:8)
  5 ice beasts
  A black bear (D:7)
  5 orc warriors
  A boggart (D:14)
  2 necrophages (D:13)
  3 wolves (D:11)
  3 ogres
  5 centaurs
  A crocodile (D:13)
  2 bullfrogs
  4 big kobolds
  A gnoll sergeant (D:6)
  A scorpion (D:11)
  8 killer bees (D:9)
  7 wights
  A bullfrog zombie (D:12)
  A jelly (D:11)
  A hound (D:11)
  2 orc priests
  4 orc wizards
  4 worker ants (D:9)
  A killer bee simulacrum (D:10)
  A gnoll (D:8)
  3 adders (D:9)
  A shadow imp (D:12)
  8 orcs
  4 kobolds
  A plant (Shoals:4)
174 creatures vanquished.

Vanquished Creatures (others)
  A deep elf master archer (Elf:3)
  3 merfolk javelineers
  A deep elf knight (Elf:2)
  3 deep elf archers
  A deep elf mage (Elf:3)
  A cyclops (Shoals:4)
  A flying skull (Volcano)
  A redback (Spider:3)
  An orc warrior (Orc:2)
  A centaur (Shoals:1)
  16 fungi
  23 plants
  4 tentacles
57 creatures vanquished.

Grand Total: 1493 creatures vanquished

Notes
Turn   | Place    | Note
-------+----------+-------------------------------------------
     0 | D:1      | Hasart the Demigod Ice Elementalist began the quest for the
                  | Orb.
     0 | D:1      | Reached XP level 1. HP: 14/14 MP: 5/5
   272 | D:1      | Reached XP level 2. HP: 12/20 MP: 2/7
  1145 | D:2      | Reached XP level 3. HP: 11/26 MP: 1/9
  1498 | D:2      | Noticed Robin
  1703 | D:2      | Killed Robin
  1703 | D:2      | Reached XP level 4. HP: 22/33 MP: 6/10
  2049 | D:2      | Found an ornate altar of the Wu Jian Council.
  2127 | D:2      | Noticed Natasha
  2134 | D:2      | Killed Natasha
  2216 | D:2      | Found a stormy altar of Qazlal.
  2794 | D:3      | Reached XP level 5. HP: 30/38 MP: 0/12
  2931 | D:3      | Found a radiant altar of Vehumet.
  3101 | D:3      | Noticed Grinder
  3190 | D:4      | Reached skill level 5 in Ice Magic
  3381 | D:4      | Found a bloodstained altar of Trog.
  3428 | D:4      | Found Neizuogh's Antique Weapon Shop.
  3518 | D:4      | Reached XP level 6. HP: 36/45 MP: 14/14
  3800 | D:4      | Learned a level 4 spell: Throw Icicle
  3805 | D:4      | Learned a level 4 spell: Summon Ice Beast
  4031 | D:4      | Found a runed translucent door.
  4032 | D:4      | Noticed Crazy Yiuf
  4449 | D:5      | Entered Level 5 of the Dungeon
  4636 | D:5      | Noticed Prince Ribbit
  4637 | D:5      | Found a shimmering altar of Xom.
  4647 | D:5      | Killed Prince Ribbit
  4647 | D:5      | Reached XP level 7. HP: 50/50 MP: 9/16
  4799 | D:5      | Noticed Ijyb
  4813 | D:5      | Killed Ijyb
  4879 | D:5      | Found a staircase to the Ecumenical Temple.
  4957 | Temple   | Entered the Ecumenical Temple
  5095 | D:5      | Found a glowing silver altar of Zin.
  5213 | D:6      | Reached skill level 1 in Conjurations
  5420 | D:6      | Reached skill level 1 in Summonings
  5652 | D:6      | Found a shadowy altar of Dithmenos.
  6579 | D:6      | Noticed Eustachio
  6616 | D:6      | Reached XP level 8. HP: 54/57 MP: 13/18
  6660 | D:6      | Killed Eustachio
  7781 | D:7      | Reached skill level 5 in Spellcasting
  7817 | D:7      | HP: 2/57 [hound (3)]
  8560 | D:7      | Reached XP level 9. HP: 62/62 MP: 17/20
  8742 | D:7      | Noticed an ice statue
  8910 | D:8      | Reached skill level 5 in Conjurations
  9254 | D:8      | Reached skill level 5 in Summonings
  9740 | D:7      | Killed an ice statue
  9892 | D:7      | Found a blossoming altar of Fedhas.
 10102 | D:8      | Reached skill level 1 in Shields
 10220 | D:8      | Found a burning altar of Makhleb.
 10220 | D:8      | Noticed a cacodemon
 10244 | D:8      | Noticed a two-headed ogre
 10263 | D:8      | Killed a two-headed ogre
 10263 | D:8      | Reached skill level 1 in Fighting
 10524 | D:8      | Found a sacrificial altar of Ru.
 10666 | D:8      | Found a staircase to the Lair.
 10798 | D:8      | Found an iron altar of Okawaru.
 10915 | D:9      | Found an opulent altar of Gozag.
 11105 | D:8      | Reached XP level 10. HP: 61/72 MP: 4/22
 12010 | D:9      | Found a roughly hewn altar of Beogh.
 12010 | D:9      | Found a staircase to the Orcish Mines.
 12069 | Orc:1    | Entered Level 1 of the Orcish Mines
 12069 | Orc:1    | Found Zuicane's Antique Weapon Emporium.
 12069 | Orc:1    | Noticed an orc knight
 12069 | Orc:1    | Noticed an orc knight
 13064 | D:9      | Found a hazy altar of Hepliaklqana.
 13125 | D:9      | Found the +9 staff of Olgreb {rPois}
 13125 | D:9      | Found a runed translucent door.
 13130 | D:9      | Found a runed translucent gate.
 13130 | D:9      | Found a runed translucent gate.
 13131 | D:9      | Found a runed translucent door.
 13141 | D:9      | Found a runed translucent gate.
 13324 | D:10     | Entered Level 10 of the Dungeon
 13355 | D:10     | Found a hide-covered altar of Uskayaw.
 13608 | D:10     | Learned a level 3 spell: Mephitic Cloud
 13766 | D:10     | Found a runed translucent gate.
 13766 | D:10     | Found a runed translucent gate.
 13766 | D:10     | Found a runed translucent gate.
 13767 | D:10     | Found an opulent altar of Gozag.
 13767 | D:10     | Found Yhiel's Assorted Antiques.
 13767 | D:10     | Noticed a wolf spider
 13769 | D:10     | Noticed Arum's ghost (journeyman FoFi)
 13865 | D:10     | You fall through a shaft for 3 floors!
 13866 | D:13     | Noticed a centaur warrior
 13873 | D:13     | Killed a centaur warrior
 14116 | D:13     | Noticed a two-headed ogre
 14122 | D:13     | Killed a two-headed ogre
 14122 | D:13     | Reached XP level 11. HP: 82/82 MP: 6/24
 14227 | D:13     | Noticed an anaconda
 14231 | D:13     | Killed an anaconda
 14372 | D:12     | Found a transporter.
 14378 | D:12     | Noticed a glowing orange brain
 14459 | D:12     | Reached skill level 5 in Shields
 14786 | D:12     | Found a transporter.
 14880 | D:12     | Found a gate leading to a gauntlet.
 14888 | Gauntlet | Entered a Gauntlet
 14888 | Gauntlet | Found a transporter.
 14888 | Gauntlet | Found a transporter.
 14888 | Gauntlet | Found a transporter.
 14888 | Gauntlet | Noticed a catoblepas
 14908 | Gauntlet | Found a transporter.
 14923 | Gauntlet | Noticed a death scarab
 14924 | Gauntlet | Found a transporter.
 14940 | Gauntlet | Found a transporter.
 14952 | Gauntlet | Found a transporter.
 14959 | Gauntlet | Noticed a queen ant
 14965 | Gauntlet | Found a transporter.
 14971 | Gauntlet | Found a transporter.
 14978 | Gauntlet | Noticed a two-headed ogre
 14978 | Gauntlet | an elephant changed into a two-headed ogre
 14981 | Gauntlet | Noticed a death scarab
 14985 | Gauntlet | Found a transporter.
 14988 | Gauntlet | Noticed a death scarab
 15003 | Gauntlet | Found a transporter.
 15007 | Gauntlet | Found a transporter.
 15146 | Gauntlet | Learned a level 6 spell: Shadow Creatures
 15148 | Gauntlet | Noticed a queen ant
 15148 | Gauntlet | a tyrant leech changed into a queen ant
 15148 | Gauntlet | Noticed a deep troll
 15157 | Gauntlet | a deep troll changed into an eye of devastation
 15166 | Gauntlet | Killed a queen ant
 15177 | Gauntlet | Noticed an anaconda
 15193 | Gauntlet | an anaconda changed into a slime creature
 15212 | Gauntlet | Noticed an anaconda
 15212 | Gauntlet | a slime creature changed into an anaconda
 15213 | Gauntlet | Noticed an ettin
 15213 | Gauntlet | an anaconda changed into an ettin
 15228 | Gauntlet | Noticed a satyr
 15228 | Gauntlet | an ettin changed into a satyr
 15272 | Gauntlet | Noticed a shock serpent
 15292 | Gauntlet | Noticed an anaconda
 15293 | Gauntlet | a shock serpent changed into a floating eye
 15295 | Gauntlet | Noticed a two-headed ogre
 15295 | Gauntlet | an anaconda changed into a two-headed ogre
 15439 | Gauntlet | Killed a death scarab
 15620 | Gauntlet | Learned a level 2 spell: Passwall
 15788 | Gauntlet | Killed a queen ant
 15809 | Gauntlet | Got a crude steel ring
 15813 | Gauntlet | Identified the ring "Mieh" {Wiz Slay+3 SInv} (You found it
                  | in a Gauntlet)
 15844 | Gauntlet | Noticed a swamp dragon
 15852 | Gauntlet | Noticed a glowing orange brain
 15852 | Gauntlet | a manticore changed into a glowing orange brain
 15867 | Gauntlet | Noticed a shock serpent
 15867 | Gauntlet | a swamp dragon changed into a shock serpent
 15873 | Gauntlet | Noticed a sea snake
 15873 | Gauntlet | a glowing orange brain changed into a sea snake
 15877 | Gauntlet | Noticed a death drake
 15877 | Gauntlet | a sea snake changed into a death drake
 15885 | Gauntlet | a death drake changed into a faun
 15893 | Gauntlet | Noticed a sea snake
 15893 | Gauntlet | a swamp worm changed into a sea snake
 15907 | Gauntlet | Noticed an anaconda
 15907 | Gauntlet | a sea snake changed into an anaconda
 15966 | Gauntlet | Noticed a queen ant
 15966 | Gauntlet | an anaconda changed into a queen ant
 15969 | Gauntlet | Noticed a fire dragon
 15969 | Gauntlet | a queen ant changed into a fire dragon
 15979 | Gauntlet | a shock serpent changed into a komodo dragon
 16001 | Gauntlet | Noticed a harpy
 16001 | Gauntlet | a meliai changed into a harpy
 16017 | Gauntlet | Noticed an unseen horror
 16017 | Gauntlet | a harpy changed into an unseen horror
 16022 | Gauntlet | an unseen horror changed into a spiny frog
 16043 | Gauntlet | Noticed a ghost moth
 16043 | Gauntlet | a fire dragon changed into a ghost moth
 16057 | Gauntlet | Noticed a fire crab
 16057 | Gauntlet | a black mamba changed into a fire crab
 16064 | Gauntlet | a fire crab changed into a jumping spider
 16117 | Gauntlet | Noticed an unseen horror
 16117 | Gauntlet | a guardian serpent changed into an unseen horror
 16120 | Gauntlet | an unseen horror changed into a yaktaur
 16124 | Gauntlet | Noticed a sea snake
 16124 | Gauntlet | a water nymph changed into a sea snake
 16161 | Gauntlet | Noticed a lindwurm
 16161 | Gauntlet | a sea snake changed into a lindwurm
 16181 | Gauntlet | Noticed an ice dragon
 16181 | Gauntlet | a ghost moth changed into an ice dragon
 16215 | Gauntlet | a lindwurm changed into a redback
 16320 | Gauntlet | Noticed a great orb of eyes
 16320 | Gauntlet | an ice dragon changed into a great orb of eyes
 16342 | Gauntlet | Noticed a queen ant
 16342 | Gauntlet | a great orb of eyes changed into a queen ant
 16343 | Gauntlet | Noticed a ghost moth
 16343 | Gauntlet | a queen ant changed into a ghost moth
 16380 | Gauntlet | Noticed an entropy weaver
 16380 | Gauntlet | a ghost moth changed into an entropy weaver
 16396 | Gauntlet | Noticed a glowing orange brain
 16402 | Gauntlet | a glowing orange brain changed into a shining eye
 16413 | Gauntlet | Noticed an emperor scorpion
 16413 | Gauntlet | an entropy weaver changed into an emperor scorpion
 16479 | Gauntlet | Identified the ring of Bodily Harmony {+Fly Str+4}
 16479 | Gauntlet | Noticed a minotaur
 16525 | Gauntlet | Gained mutation: Scrolls take you a little longer to read.
                  | [potion of mutation]
 16525 | Gauntlet | Gained mutation: You are dopey. (Int -2) [potion of
                  | mutation]
 16525 | Gauntlet | Gained mutation: You are weak. (Str -2) [potion of
                  | mutation]
 16525 | Gauntlet | Gained mutation: You are partially covered in iridescent
                  | scales. (AC +2) [potion of mutation]
 16536 | Gauntlet | Killed a minotaur
 16567 | Gauntlet | Noticed a death drake
 16567 | Gauntlet | a water nymph changed into a death drake
 16621 | D:12     | Lost mutation: You are weak. (Str -2) [potion of mutation]
 16621 | D:12     | Lost mutation: You are dopey. (Int -2) [potion of mutation]
 16621 | D:12     | Gained mutation: You evolve. [potion of mutation]
 16621 | D:12     | Gained mutation: You are resistant to hostile enchantments.
                  | (MR+) [potion of mutation]
 16621 | D:12     | Lost mutation: You are resistant to hostile enchantments.
                  | (MR+) [potion of mutation]
 16621 | D:12     | Gained mutation: Your flesh is heat resistant. (rF+)
                  | [potion of mutation]
 16671 | D:11     | Found a frozen archway.
 16818 | IceCv    | Entered an ice cave
 17569 | IceCv    | Lost mutation: Scrolls take you a little longer to read.
                  | [evolution]
 18194 | IceCv    | Got a wavering golden ring
 18198 | IceCv    | Identified the ring of Nuatho Ziots {MP+9 Str+3} (You found
                  | it in an ice cave)
 18430 | D:11     | Reached XP level 12. HP: 83/92 MP: 27/27
 18531 | D:11     | Found a basalt altar of Yredelemnul.
 19953 | D:11     | Found a runed translucent gate.
 19953 | D:11     | Found a runed translucent gate.
 19953 | D:11     | Found a runed translucent gate.
 19956 | D:11     | Noticed a minotaur
 19957 | D:11     | Noticed Lanoc's ghost (journeyman MiGl)
 20033 | D:11     | Reached skill level 5 in Fighting
 20182 | D:11     | Noticed Grum
 20229 | D:11     | Killed Grum
 20311 | D:11     | Noticed Snorg
 20535 | D:11     | Killed Snorg
 20979 | D:12     | Noticed a four-headed hydra
 20991 | D:12     | Killed a four-headed hydra
 21156 | D:12     | Found Yguihes's Weapon Emporium.
 21513 | D:13     | Found a corrupted altar of Lugonu.
 21732 | D:13     | Found Menaocs's Distillery.
 21738 | D:13     | Bought a potion of degeneration for 13 gold pieces
 21738 | D:13     | Bought a potion of magic for 104 gold pieces
 21997 | D:14     | Identified Roxanne's Almanac of Transmutation
 21997 | D:14     | Noticed Roxanne
 22215 | D:14     | Killed Roxanne
 22215 | D:14     | Reached skill level 10 in Ice Magic
 22668 | D:14     | Reached skill level 10 in Conjurations
 22849 | D:14     | Found a gate to the Vaults.
 22925 | D:14     | Noticed a centaur warrior
 22930 | D:14     | Killed a centaur warrior
 23370 | D:14     | Found a blossoming altar of Fedhas.
 23404 | D:14     | Reached skill level 10 in Summonings
 23628 | D:14     | Reached XP level 13. HP: 99/99 MP: 24/29
 24049 | D:15     | Entered Level 15 of the Dungeon
 24423 | D:15     | Found Ydwis Deq's General Store.
 24766 | D:15     | Noticed Agnes
 24791 | D:15     | Killed Agnes
 25214 | D:15     | Bought a +2 robe of resistance for 565 gold pieces
 25858 | D:15     | Lost mutation: You evolve. [evolution]
 25947 | D:15     | Found a staircase to the Depths.
 25947 | D:15     | Noticed a frost giant
 25966 | D:15     | Killed a frost giant
 27921 | Orc:1    | Noticed Urug
 28293 | Orc:1    | Killed Urug
 28663 | Orc:1    | Found a runed translucent gate.
 28663 | Orc:1    | Found a runed translucent gate.
 28663 | Orc:1    | Found a runed translucent gate.
 28669 | Orc:1    | Noticed ABBCCCDDDD's ghost (journeyman OpEE)
 28681 | Orc:1    | Killed ABBCCCDDDD's ghost
 28749 | Orc:1    | Noticed Jorgrun
 28764 | Orc:1    | Killed Jorgrun
 28764 | Orc:1    | Reached XP level 14. HP: 82/107 MP: 18/32
 28947 | Orc:2    | Entered Level 2 of the Orcish Mines
 28999 | Orc:2    | Found a staircase to the Elven Halls.
 29017 | Orc:2    | Found Rean's Weapon Shop.
 30428 | Orc:2    | Found Riroqen's Magic Scroll Boutique.
 30446 | Orc:2    | Found Leptag's Distillery.
 30558 | Orc:2    | Bought a potion of brilliance for 72 gold pieces
 31508 | Orc:2    | Reached skill level 10 in Spellcasting
 31632 | Orc:2    | Found Yrisemm's Gadget Shoppe.
 31632 | Orc:2    | Found a one-way gate leading to the halls of Pandemonium.
 31632 | Orc:2    | Found Umoaw's Antique Weapon Emporium.
 31918 | Orc:2    | Found Likhesoh's Armour Shoppe.
 32226 | Lair:1   | Entered Level 1 of the Lair of Beasts
 32656 | Orc:2    | Bought a scroll of acquirement for 572 gold pieces
 32656 | Orc:2    | Bought a scroll of random uselessness for 11 gold pieces
 32656 | Orc:2    | Bought a scroll of acquirement for 572 gold pieces
 32685 | Orc:2    | Identified the Guide on the Destructive Volcanoes (You
                  | acquired it on level 2 of the Orcish Mines)
 32694 | Orc:2    | Learned a level 6 spell: Freezing Cloud
 32701 | Orc:2    | Learned a level 6 spell: Ozocubu's Refrigeration
 33311 | Lair:1   | Got a wavering wooden ring
 33318 | Lair:1   | Identified the ring of Xiruot {MR+ Str+2} (You found it on
                  | level 1 of the Lair of Beasts)
 34291 | Lair:2   | Found a staircase to the Shoals.
 34510 | Lair:2   | Found the +5 pair of quick blades "Gyre" and "Gimble"
                  | {pierce, Dex-3}
 35303 | Lair:3   | Found a hole to the Spider Nest.
 36115 | Lair:3   | Found the +8 whip "Snakebite" {curare, rPois}
 36818 | Lair:4   | Reached XP level 15. HP: 55/113 MP: 0/34
 37639 | Lair:5   | Found a dark tunnel.
 37728 | Volcano  | Entered a volcano
 38228 | Volcano  | Reached skill level 1 in Armour
 38879 | Lair:5   | Found a transporter.
 38879 | Lair:5   | Found a transporter.
 38885 | Lair:5   | Noticed Thalamas's ghost (journeyman MiBe)
 39104 | Lair:5   | Found a bloodstained altar of Trog.
 39108 | Lair:5   | Identified the +7 trident "Zacvoir" {vamp, -Tele rPois
                  | Dex+4}
 39741 | Lair:6   | Entered Level 6 of the Lair of Beasts
 41221 | Lair:6   | Found a viscous altar of Jiyva.
 41222 | Lair:6   | Found a staircase to the Slime Pits.
 42265 | D:10     | Killed Arum's ghost
 42542 | D:10     | Bought a glowing shield for 225 gold pieces
 42542 | D:10     | Bought a potion of heal wounds for 150 gold pieces
 42594 | Elf:1    | Entered Level 1 of the Elven Halls
 42823 | Elf:1    | Reached skill level 1 in Air Magic
 43022 | Elf:1    | Got a jewelled rapier
 43055 | Elf:1    | Identified the +8 rapier of Fololi {pain, Dex+3} (You found
                  | it on level 1 of the Elven Halls)
 43273 | Elf:1    | Identified the Papyrus of Confrontation
 45155 | Elf:2    | Reached XP level 16. HP: 87/119 MP: 23/36
 45732 | Elf:2    | Found a runed translucent gate.
 45736 | Elf:2    | Found a runed translucent gate.
 45737 | Elf:2    | Found a runed translucent gate.
 45990 | Elf:2    | Found a runed translucent door.
 45990 | Elf:2    | Noticed dvd's ghost (veteran KoNe)
 45993 | Elf:2    | Found Seneed's Armour Boutique.
 46043 | Elf:2    | Reached skill level 5 in Dodging
 46478 | Elf:3    | Entered Level 3 of the Elven Halls
 46512 | Elf:3    | Got a translucent scale mail
 46513 | Elf:3    | Identified the +3 scale mail of Masochism {Int+3} (You
                  | found it on level 3 of the Elven Halls)
 46548 | Elf:3    | Found a deep blue altar of Sif Muna.
 46696 | Elf:3    | Reached skill level 5 in Air Magic
 47506 | Elf:2    | Noticed a deep elf blademaster
 47639 | Elf:3    | Reached skill level 5 in Armour
 48491 | Elf:3    | Noticed a deep elf blademaster
 48537 | Elf:3    | Noticed a deep elf blademaster
 48545 | Elf:3    | Killed a deep elf blademaster
 48834 | Elf:3    | Noticed an Ice Fiend
 49037 | Elf:3    | Identified the +0 plate armour of Imnehin {*Corrode Dex+6}
 49059 | Elf:3    | Killed a deep elf blademaster
 49257 | Elf:3    | Noticed a deep elf master archer
 49695 | Elf:3    | Killed a deep elf master archer
 50274 | Elf:3    | Noticed a deep elf master archer
 50278 | Elf:3    | Killed a deep elf master archer
 50278 | Elf:3    | Reached skill level 10 in Shields
 50598 | Elf:3    | Reached XP level 17. HP: 126/126 MP: 22/38
 51905 | Elf:3    | Identified the Papyrus of Earthen Summoning
 51928 | Elf:3    | Got a pair of slimy boots
 51931 | Elf:3    | Got a faintly glowing cloak
 52018 | Elf:3    | Identified the +1 cloak of the Camelopard {*Slow rC+ MR+
                  | Str+4} (You found it on level 3 of the Elven Halls)
 52023 | Elf:3    | Identified the +1 pair of boots of Qisost {Str+3} (You
                  | found it on level 3 of the Elven Halls)
 52031 | Elf:3    | Learned a level 7 spell: Monstrous Menagerie
 52291 | Spider:1 | Entered Level 1 of the Spider Nest
 52395 | Spider:1 | Noticed Azrael
 52398 | Spider:1 | Killed Azrael
 55635 | Spider:3 | Noticed Bai Suzhen
 55834 | Shoals:1 | Entered Level 1 of the Shoals
 56914 | Shoals:1 | Got a crystal falchion
 56915 | Shoals:1 | Identified the +8 falchion of Jeuraynn {protect, Fragile
                  | rPois rF++ Stlth+} (You found it on level 1 of the Shoals)
 59481 | Shoals:3 | Reached XP level 18. HP: 90/133 MP: 8/40
 59884 | Shoals:3 | Found Enaanwea's Antique Weapon Boutique.
 60900 | Shoals:4 | Entered Level 4 of the Shoals
 60963 | Shoals:4 | Noticed Polyphemus
 60971 | Shoals:4 | Killed Polyphemus
 61125 | Shoals:4 | Found Quonnaps's Jewellery Emporium.
 61941 | Shoals:4 | Got a barnacled rune of Zot
 62021 | Shoals:4 | Identified the Volume of Attacks
 62225 | Shoals:4 | Got a transparent robe
 62226 | Shoals:4 | Identified the +3 robe of Pagel {rElec rN+ Dex+5} (You
                  | found it on level 4 of the Shoals)
 62418 | Shoals:4 | Got a warped rapier
 62419 | Shoals:4 | Identified the cursed +0 rapier of the Hills {pierce,
                  | Int+2} (You found it on level 4 of the Shoals)
 62938 | Spider:3 | Killed Bai Suzhen
 63299 | Spider:4 | Entered Level 4 of the Spider Nest
 63772 | Spider:4 | Got a heavily runed iron ring
 63773 | Spider:4 | Identified the ring of Reothras {+Inv +Fly Int+7} (You
                  | found it on level 4 of the Spider Nest)
 65089 | Spider:4 | Reached skill level 1 in Evocations
 65553 | Spider:4 | Reached skill level 10 in Air Magic
 66741 | Spider:4 | Got a gossamer rune of Zot
 67095 | Depths:1 | Entered Level 1 of the Depths
 68018 | D:15     | HP: 5/133 [jiangshi[a vampire mage] (4)]
 68018 | D:15     | Slain by a jiangshi

Skill      XL: |  1  2  3  4  5  6  7  8  9 10 11 12 13 14 15 16 17 18 |
---------------+-------------------------------------------------------+-----
Ice Magic      | 3 4 5 6 7 8 9 10 11 12 13 14 | 14.5
Spellcasting   | 2 3 4 5 6 7 8 9 10 11 12 13 | 13.1
Conjurations   | 2 4 6 7 9 10 11 12 | 12.5
Summonings     | 2 4 6 7 9 10 11 12 13 14 | 14.8
Shields        | 2 4 5 6 8 9 10 11 | 11.9
Fighting       | 1 3 4 5 |  5.0
Dodging        | 4 6 7 |  7.0
Armour         | 3 5 |  5.0
Air Magic      | 3 7 8 10 | 10.2
Evocations     | 2 |  2.0
Stealth        | |  1.7

Action                   |  1- 3 |  4- 6 |  7- 9 | 10-12 | 13-15 | 16-18 || total
-------------------------+-------+-------+-------+-------+-------+-------++-------
Melee: Dagger            |    16 |    40 |   115 |       |       |       ||   171
       Spear             |       |    39 |     5 |       |       |       ||    44
       Trident           |       |       |     1 |   273 |       |       ||   274
       Staff             |       |       |       |   296 |   212 |   155 ||   663
 Cast: Freeze            |    69 |    59 |   143 |   105 |       |       ||   376
       Summon Ice Beast  |       |       |    23 |   124 |    50 |    61 ||   258
       Throw Icicle      |       |       |    56 |   220 |   675 |   569 ||  1520
       Shadow Creatures  |       |       |       |     6 |    15 |     4 ||    25
       Mephitic Cloud    |       |       |       |     1 |    27 |     1 ||    29
       Ozocubu's Refrige |       |       |       |       |    39 |   189 ||   228
       Freezing Cloud    |       |       |       |       |    18 |     3 ||    21
       Monstrous Menager |       |       |       |       |       |    22 ||    22
Evoke: Wand              |       |       |     1 |       |       |    16 ||    17
  Use: Potion            |       |       |     5 |     6 |     5 |     1 ||    17
       Scroll            |       |       |       |    13 |    10 |    21 ||    44
 Stab: Sleeping          |       |     4 |     2 |       |       |       ||     6
       Distracted        |       |       |       |     4 |       |     2 ||     6
       Confused          |       |       |       |       |     3 |       ||     3
  Eat: Chunk             |     2 |     4 |    21 |    37 |    61 |    54 ||   179
       Ration            |       |     2 |     2 |     8 |     8 |    16 ||    36
Armor: Robe              |    20 |    11 |     5 |    50 |     8 |       ||    94
       Leather armour    |       |       |    40 |     3 |       |       ||    43
       Troll leather arm |       |       |       |   149 |    93 |   123 ||   365
Dodge: Dodged            |    62 |    68 |   181 |   505 |   181 |   264 ||  1261
Block: Buckler           |       |       |       |   234 |   186 |       ||   420
       Reflection        |       |       |       |    18 |    28 |    62 ||   108
       Shield            |       |       |       |       |    32 |   505 ||   537
